 Dungeon Crawl Stone Soup version 0.30-a0-852-g08b95dd62f (webtiles) character file.

Game seed: 10916478047713506660

184 FexLirch the Insei (level 5, -4/33 HPs)
             Began as an Octopode Transmuter on Mar 5, 2023.
             Killed from afar by Blork the orc (13 damage)
             ... with a puff of frost
             ... on level 4 of the Dungeon.
             The game lasted 00:06:47 (3061 turns).

FexLirch the Insei (Octopode Transmuter)            Turns: 3061, Time: 00:06:48

Health: -4/33      AC:  1    Str: 15    XL:     5   Next: 63%
Magic:  8/8        EV: 13    Int: 18    God:
Gold:   176        SH:  0    Dex: 12    Spells: 2/8 levels left

rFire   . . .      SeeInvis .      - Unarmed
rCold   . . .      Faith    .    (no shield)
rNeg    . . .      Spirit   .    (helmet currently unavailable)
rPois   .          Reflect  .    g - amulet of magic regeneration
rElec   .          Rampage  .    k - +6 ring of strength
rCorr   .                        (no ring)
Will    .....                    (no ring)
Stlth   ++                       (no ring)
HPRegen 0.25/turn                (no ring)
MPRegen 0.51/turn                (no ring)
                                 (no ring)
                                 (no ring)

@: appendages (expiring)
A: tentacle spike 3, almost no armour, amphibious, 8 rings, camouflage 1,
gelatinous body 1, (nimble swimmer 1), tentacles
a: End Transformation


You were on level 4 of the Dungeon.
One of your tentacles had grown a beastly spike.
You visited 1 branch of the dungeon, and saw 4 of its levels.

You collected 176 gold pieces.

Inventory:

Hand Weapons
 i - a +0 sling
Missiles
 c - 45 stones
 d - 6 curare-tipped darts
 l - 2 boomerangs
Magical Staves
 j - a staff of cold
Jewellery
 g - an amulet of magic regeneration (around mantle)
 k - a +6 ring of strength (left tentacle)
Wands
 o - a wand of roots (8)
Scrolls
 b - a scroll of brand weapon {unknown}
 e - 4 scrolls of teleportation {unknown}
 m - 2 scrolls of identify {unknown}
 q - a scroll of acquirement {unknown}
 r - a scroll of vulnerability {unknown}
Potions
 a - 2 potions of lignification
 f - a potion of curing {unknown}
 h - 2 potions of heal wounds {unknown}
 n - a potion of flight {unknown}
 p - a potion of cancellation {unknown}


   Skills:
 - Level 1.0 Fighting
 - Level 2.0 Dodging
 + Level 4.4 Unarmed Combat
 - Level 2.0 Spellcasting
 + Level 3.7 Transmutations
 + Level 2.8 Poison Magic


You had 2 spell levels left.
You knew the following spells:

 Your Spells              Type           Power      Damage    Failure   Level
a - Beastly Appendage     Tmut           30%        N/A       3%          1
b - Wereblood             Tmut           15%        N/A       6%          2
c - Spider Form           Tmut/Pois      13%        N/A       14%         3

Your spell library contained the following spells:

 Spells                   Type           Power      Damage    Failure   Level
 Ignite Poison            Fire/Tmut/Pois 9%         N/A       22%         3
 Ice Form                 Ice/Tmut       8%         N/A       63%         4
 Sticky Flame             Conj/Fire      1%         2d3       87%         4
 Ignition                 Fire           0%         3d3       100%        8


Dungeon Overview and Level Annotations

Branches:
Dungeon (4/15)
 Temple: D:4-7

Altars:

Annotations:
D:4 Blork the orc


Innate Abilities, Weirdness & Mutations

One of your tentacles has grown a beastly spike.
You cannot wear most types of armour.
You are amphibious.
You can wear up to eight rings at the same time.
Your skin changes colour to match your surroundings (Stealth+).
Your rubbery body absorbs attacks. (AC +1, EV +1)
((You are camouflaged when in or above water. (Stealth+)))
You have tentacles for arms and can constrict up to eight enemies at once.


Message History

The puff of flame hits you!
The grasping roots constrict Blork the orc.
The roots release their grip on Blork the orc.
Blork the orc points at you and mumbles some strange words.
The magic dart hits you.
Your primal bloodlust has ended.
Aiming: Fastroot
Press: ? - help, Shift-Dir - straight line, f/p - Blork the orc
Aim: Blork the orc, wielding a +0 war axe and wearing a +0 robe (moderately wounded)
The roots erupt in riotous growth!
Roots grab Blork the orc.
The grasping roots constrict Blork the orc.
Blork the orc struggles to escape constriction.
The grasping roots constrict Blork the orc.
The roots release their grip on Blork the orc.
Blork the orc screams, "I'm much stronger than you!"
Okay, then.
Unknown command.
Your transformation is almost over.
Aiming: Fastroot
Press: ? - help, Shift-Dir - straight line, f/p - Blork the orc
Aim: Blork the orc, wielding a +0 war axe and wearing a +0 robe (heavily wounded)
The roots erupt in riotous growth!
Roots grab Blork the orc.
The grasping roots constrict Blork the orc.
Blork the orc escapes!
Aiming: Fastroot
Press: ? - help, Shift-Dir - straight line, f/p - Blork the orc
Aim: Blork the orc, wielding a +0 war axe and wearing a +0 robe (heavily wounded)
The roots erupt in riotous growth!
Roots grab Blork the orc.
The grasping roots constrict Blork the orc.
Blork the orc points at you and mumbles some strange words.
The magic dart hits you.
* * * LOW HITPOINT WARNING * * *
The grasping roots constrict Blork the orc.
The roots release their grip on Blork the orc.
Blork the orc gestures at you while chanting.
The puff of frost hits you!
You die...

##+### #.....#
####....###.....##
#.........#......#
#.........#......#
#.........+......#
#.........#......#
#.........#......#
#.........#...@..#
####...####...#<.#
##...####.o.####
#............#
#............#
+............#
##...####)..##
###P. #...# .P§
+....#


You could see Blork the orc.

Vanquished Creatures
  8 gnolls
  2 adders
  A shadow imp (D:4)
  2 worms (D:2)
  6 endoplasms
  A giant cockroach (D:3)
  9 goblins
  10 hobgoblins
  4 jackals (D:2)
  3 quokkas
  11 ball pythons
  2 bats
  2 frilled lizards (D:1)
  8 kobolds
  6 rats
75 creatures vanquished.

Notes
Turn   | Place    | Note
-------+----------+-------------------------------------------
     0 | D:1      | FexLirch the Octopode Transmuter began the quest for the
                  | Orb.
     0 | D:1      | Reached XP level 1. HP: 13/13 MP: 3/3
   139 | D:1      | Reached XP level 2. HP: 17/18 MP: 5/5
   591 | D:1      | Learned a level 2 spell: Wereblood
   605 | D:1      | Reached XP level 3. HP: 23/23 MP: 6/6
   609 | D:1      | Learned a level 3 spell: Spider Form
  1291 | D:2      | Reached skill level 1 in Poison Magic
  1359 | D:2      | Reached XP level 4. HP: 28/28 MP: 7/7
  1582 | D:2      | Reached skill level 4 in Unarmed Combat
  1741 | D:2      | Reached XP level 5. HP: 31/33 MP: 2/8
  2124 | D:3      | Found a faded altar of an unknown god.
  3039 | D:4      | Noticed Blork the orc
  3061 | D:4      | Killed from afar by Blork the orc

Illustrated notes

Levels and vault maps discovered:
D:1:      dpeg_arrival_connections, layout_basic, minmay_tall_x
D:2:      minmay_evil_eye, layout_loops_ring
D:3:      layout_basic, ebering_ecumenical_altar_ruins
D:4:      layout_gridville, serial_demonic, serial_demonic_c, serial_demonic_e,
          serial_demonic_g, serial_demonic_f, serial_demonic_g,
          serial_demonic_c, serial_demonic_c, kennysheep_small_square,
          uniq_blork_the_orc

Skill      XL: |  1  2  3  4 |
---------------+-------------+-----
Transmutations | 3 |  3.7
Poison Magic   | 1 2 |  2.8
Unarmed Combat | 4 |  4.4
Fighting       | |  1.0
Dodging        | |  2.0
Spellcasting   | |  2.0

Action                     |  1- 3 |  4- 6 || total
---------------------------+-------+-------++-------
  Melee: Unarmed           |    80 |    72 ||   152
         Constrict         |    14 |    16 ||    30
         Tentacles         |    10 |     9 ||    19
         Kick              |    19 |     6 ||    25
         Punch             |     1 |     1 ||     2
   Fire: Sling             |     8 |     4 ||    12
   Cast: Beastly Appendage |    25 |    10 ||    35
         Wereblood         |     3 |     6 ||     9
         Spider Form       |       |     2 ||     2
  Evoke: Wand              |       |     4 ||     4
   Stab: Sleeping          |     2 |     3 ||     5
 Armour: Skin              |     4 |       ||     4
  Dodge: Dodged            |    48 |    38 ||    86

Table legend: (Time is in decaauts)
 A = Elapsed time spent in this place.
 B = Non-inter-level travel time spent in this place.
 C = Inter-level travel time spent in this place.
 D = Time resting spent in this place.
 E = Time spent auto-exploring this place.
 F = Levels seen in this place.
 G = Mean time per level.
                   A        B        C        D        E       F      G
               +--------+--------+--------+--------+--------+-----+--------+
         Total |   3050 |   2757 |    293 |     25 |   2173 |   4 |  762.5 |
       Dungeon |   3050 |   2757 |    293 |     25 |   2173 |   4 |  762.5 |
               +--------+--------+--------+--------+--------+-----+--------+

Top non-repeatable levels by time:
     D:1: 1095 daAuts
     D:3: 1010 daAuts
     D:2: 897 daAuts
     D:4: 46 daAuts
